 Dungeon Crawl Stone Soup version 0.28.0-53-g5a82cb258f (webtiles) character file.

Game seed: 14218176338099306055

1450 Infinimo the Fighter (level 8, 0/88 HPs)
             Began as an Ogre Berserker on June 4, 2022.
             Was a Follower of Trog.
             Slain by a slime creature (17 damage)
             ... on level 5 of the Dungeon.
             The game lasted 00:05:41 (6820 turns).

Infinimo the Fighter (Ogre Berserker)               Turns: 6820, Time: 00:05:42

Health: 0/88       AC:  4    Str: 24    XL:     8   Next: 75%
Magic:  8/8        EV: 10    Int:  8    God:    Trog [*.....]
Gold:   251        SH:  0    Dex:  8    Spells: 7/7 levels left

rFire   . . .      SeeInvis .   o - +3 dire flail (vorpal)
rCold   . . .      Faith    .   (shield currently unavailable)
rNeg    . . .      Spirit   .   b - +1 animal skin
rPois   .          Reflect  .   (helmet restricted)
rElec   .          Harm     .   (no cloak)
rCorr   .          Rampage  .   (gloves unavailable)
Will    .....                   (boots unavailable)
Stlth   +.........              (no amulet)
HPRegen 0.24/turn               (no ring)
MPRegen 0.11/turn               (no ring)

@: on berserk cooldown, slowed, very slow
A: large, unfitting armour, tough skin 1
a: Renounce Religion, Berserk


You were on level 5 of the Dungeon.
You worshipped Trog.
Trog was aware of your devotion.
You visited 1 branch of the dungeon, and saw 5 of its levels.

You collected 251 gold pieces.

Inventory:

Hand Weapons
 o - a +3 vorpal dire flail (weapon)
Missiles
 c - 23 poisoned darts (quivered)
Armour
 b - a +1 animal skin (worn)
Jewellery
 j - a ring of see invisible
 q - a ring of poison resistance
Wands
 i - a wand of acid (9)
 m - a wand of polymorph (4)
Scrolls
 f - 3 scrolls of identify
Potions
 e - 2 potions of cancellation
 h - a potion of flight {unknown}
 l - a potion of haste {unknown}
 n - a potion of brilliance {unknown}


   Skills:
 + Level 8.0 Fighting
 * Level 7.3 Maces & Flails
 + Level 5.5 Dodging


You had 7 spell levels left.
You didn't know any spells.
Your spell library was empty.

Dungeon Overview and Level Annotations

Branches:
Dungeon (5/15)
 Temple: D:4-7

Altars:
Uskayaw


Innate Abilities, Weirdness & Mutations

You are too large for most types of armour.
You have tough skin. (AC +1)


Message History

You kill the slime creature!
Trog accepts your kill. The slime creature hits you!
* * * LOW HITPOINT WARNING * * *
The jelly hits you.
* * * LOW HITPOINT WARNING * * *
You are splashed with acid!
* * * LOW HITPOINT WARNING * * *
Your Fighting skill increases to level 8!
You completely miss the jelly. The slime creature hits you!
* * * LOW HITPOINT WARNING * * *
Unknown command.
You see here a +0 dagger.
You feel a strong urge to attack something.
You are no longer berserk.
You are exhausted.
You feel yourself slow down.
As you read the scroll labelled BAPHARCHAHUM, it crumbles to dust.
You hear a loud clanging noise!
It was a scroll of noise.
The jelly barely misses you.
You feel much better.
You impale the slime creature!!
The slime creature is heavily wounded.
The slime creature hits you! x2
* * * LOW HITPOINT WARNING * * *
You feel better.
The jelly jiggles.
The slime creature hits you but does no damage.
You feel better. The slime creature hits you!
* * * LOW HITPOINT WARNING * * *
The slime creature misses you.
You feel better. The slime creature hits you!!
* * * LOW HITPOINT WARNING * * *
You feel better. The slime creature barely misses you.
The slime creature hits you!
* * * LOW HITPOINT WARNING * * *
You feel better. The slime creature hits you!
* * * LOW HITPOINT WARNING * * *
You feel better. The slime creature hits you!
You die...

#.#.#....#####
#)####### # ### ###
# #####
######.###### #...#
#.##........# ###.#
##.##.#.####.#
##.###<(.#)#.# #.#
#..JJ)...)...####.#
#.@###...###..##...
#..# ##..# #......J
#..# #..###(.#....
#..# #............
#..# #.....###....
#..####.....###)..[
#.........<....##.#
#.####.............
#.# #.........####


You could see a slime creature and a jelly.

Vanquished Creatures
  A slime creature (D:5)
  Edmund (D:5)
  A phantom (D:4)
  5 kobold brigands (D:5)
  Blork the orc (D:5)
  3 scorpions
  A hound (D:4)
  4 jellies (D:5)
  3 iguanas
  Ijyb (D:5)
  Terence (D:2)
  An orc wizard (D:4)
  Natasha (twice) (D:4)
  A gnoll (D:2)
  5 adders
  2 worms (D:2)
  4 dart slugs
  An orc (D:4)
  10 endoplasms
  2 giant cockroaches
  5 goblins
  6 hobgoblins
  5 jackals
  8 kobolds
  A quokka (D:4)
  5 ball pythons
  5 bats (D:1)
  4 frilled lizards
  5 rats
94 creatures vanquished.

Vanquished Creatures (others)
  4 fungi (D:5)
  14 toadstools (D:5)
18 creatures vanquished.

Grand Total: 112 creatures vanquished

Notes
Turn   | Place    | Note
-------+----------+-------------------------------------------
     0 | D:1      | Infinimo the Ogre Berserker began the quest for the Orb.
     0 | D:1      | Reached XP level 1. HP: 24/24 MP: 1/1
   190 | D:1      | Reached XP level 2. HP: 32/32 MP: 2/2
   786 | D:1      | Reached XP level 3. HP: 39/40 MP: 3/3
  1180 | D:2      | Noticed Terence
  1205 | D:2      | Killed Terence
  1206 | D:2      | Reached XP level 4. HP: 49/49 MP: 4/4
  1603 | D:2      | You fall into a shaft and drop 2 floors!
  1620 | D:4      | Noticed a scorpion
  1634 | D:4      | Killed a scorpion
  1635 | D:4      | Reached skill level 5 in Fighting
  1635 | D:4      | Reached XP level 5. HP: 57/57 MP: 5/5
  1739 | D:4      | Reached XP level 6. HP: 54/66 MP: 6/6
  1823 | D:4      | Noticed Natasha
  1831 | D:4      | Killed Natasha
  1833 | D:4      | Noticed Natasha
  1842 | D:4      | Killed Natasha
  2088 | D:3      | Reached ** piety under Trog
  2603 | D:2      | Found a faded altar of an unknown god.
  2763 | D:2      | Found a hide-covered altar of Uskayaw.
  3125 | D:2      | Identified the +2 dagger "Killer Klown's Death" {vorpal,
                  | Contam rElec rPois rN+}
  3452 | D:4      | Reached skill level 5 in Maces & Flails
  3705 | D:4      | Reached skill level 6 in Fighting
  4085 | D:5      | Entered Level 5 of the Dungeon
  4126 | D:5      | Reached XP level 7. HP: 57/75 MP: 7/7
  5021 | D:5      | Reached skill level 7 in Fighting
  5021 | D:5      | Reached XP level 8. HP: 87/87 MP: 8/8
  5572 | D:5      | Reached skill level 5 in Dodging
  5825 | D:5      | Noticed Ijyb
  5834 | D:5      | Killed Ijyb
  6221 | D:5      | Noticed Blork the orc
  6224 | D:5      | Noticed Edmund
  6268 | D:5      | Killed Blork the orc
  6279 | D:5      | Killed Edmund
  6675 | D:5      | Noticed a slime creature
  6675 | D:5      | Noticed a slime creature
  6806 | D:5      | Killed a slime creature
  6807 | D:5      | Reached skill level 8 in Fighting
  6807 | D:5      | HP: 3/132 [slime creature (11)]
  6820 | D:5      | Slain by a slime creature

Illustrated notes

Levels and vault maps discovered:
D:1:      erik_arrival_orb_chamber, layout_basic, minmay_split_cup_small
D:2:      layout_basic, basic_altar, basic_ecumenical_altar,
          minmay_quadrilaterals, uniq_terence
D:3:      layout_loops_corners
D:4:      minmay_recursive_quarters, layout_basic, uniq_natasha
D:5:      cheibrodos_fertilizer, layout_loops_ring, gammafunk_ghost_grave,
          kennysheep_decorative_pillar, uniq_blork_the_orc, uniq_ijyb,
          uniq_edmund

Skill      XL: |  1  2  3  4  5  6  7  8 |
---------------+-------------------------+-----
Maces & Flails | 3 4 5 6 7 |  7.3
Dodging        | 3 4 5 |  5.5
Fighting       | 5 6 7 8 |  8.0

Action                   |  1- 3 |  4- 6 |  7- 9 || total
-------------------------+-------+-------+-------++-------
Melee: Mace              |    68 |    32 |   118 ||   218
       Dagger            |    15 |   104 |       ||   119
       Punch             |       |     2 |     1 ||     3
       Dire flail        |       |       |    14 ||    14
Invok: Berserk           |     4 |     6 |    10 ||    20
       Trog's Hand       |       |       |     1 ||     1
  Use: Scroll            |       |     9 |     1 ||    10
       Potion            |       |       |     7 ||     7
Armor: Animal skin       |    20 |    24 |    33 ||    77
Dodge: Dodged            |    52 |    51 |    66 ||   169
